cohdb
Replays
Latest Replays
All Replays
Popular Replays
Top Player Replays
Match Explorer
How It Works
Community
CoH3 Stats
Reddit
Sign in to upload your games and track your stats! →
Sign in with Steam
Match 37909001
Unlisted
Match 37909001
Overview
Messages
Build Orders
End
Panzergrenadier Squad
250 Light Carrier
Selects Italian Infantry
Kradschützen Motorcycle Team
Construct Light Support Kompanie
Assault Grenadier Squad
MG34 Team
Kradschützen Motorcycle Team
Selects Guastatori Squad
Fire Support Elements
Assault Mechanized Group
BÖRK
Wolf 0815
Büffel
STALKER4732
kit.ohume
Devochkin
0
0
Comments
sign in to comment!
No comments posted yet!